 Dungeon Crawl Stone Soup version 0.23-a0-655-g3751e1c (webtiles) character file.

120 galech the Skirmisher (level 4, 36/36 HPs)
             Began as a Demonspawn Fighter on Jan 7, 2019.
             Was a Follower of Fedhas.
             Quit the game on level 2 of the Dungeon.
             The game lasted 00:03:19 (1726 turns).

galech the Skirmisher (Demonspawn Fighter)          Turns: 1726, Time: 00:03:20

Health: 36/36      AC:  9    Str: 16    XL:     4   Next: 75%
Magic:  4/4        EV:  7    Int:  9    God:    Fedhas [*.....]
Gold:   52         SH:  9    Dex: 14    Spells: 3/3 levels left

rFire    . . .     SeeInvis .   a - +0 war axe
rCold    . . .     Gourm    .   c - +0 shield
rNeg     . . .     Faith    .   b - +0 scale mail
rPois    .         Spirit   .   (no helmet)
rElec    .         Reflect  .   (no cloak)
rCorr    .         Harm     .   (no gloves)
MR       .....                  k - +2 pair of boots
Stlth    ..........             (no amulet)
HPRegen  0.12/turn              (no ring)
MPRegen  0.09/turn              (no ring)

@: no status effects
A: hooves 1, sanguine armour 1
a: Fungal Bloom, Sunlight, Renounce Religion


You were on level 2 of the Dungeon.
You worshipped Fedhas.
Fedhas was aware of your devotion.
You were not hungry.

You visited 1 branch of the dungeon, and saw 2 of its levels.

You collected 52 gold pieces.

Inventory:

Hand Weapons
 a - a +0 war axe (weapon)
Armour
 b - a +0 scale mail (worn)
 c - a +0 shield (worn)
 k - a +2 pair of boots (worn)
Scrolls
 h - 3 scrolls of immolation {unknown}
 j - 4 scrolls of amnesia {unknown}
 n - a scroll of fog {unknown}
 o - a scroll of identify {unknown}
 p - a scroll of enchant weapon {unknown}
 q - a scroll of remove curse {unknown}
Potions
 d - a potion of might
 e - a potion of brilliance {unknown}
 i - 2 potions of curing {unknown}
 l - 2 potions of heal wounds {unknown}
 m - a potion of experience {unknown}
Comestibles
 f - 4 rations
 g - 2 chunks of flesh


   Skills:
 + Level 3.6 Fighting
 + Level 2.8 Axes
 + Level 3.1 Armour
 + Level 0.6 Dodging
 + Level 3.5 Shields


You had 3 spell levels left.
You didn't know any spells.
Your spell library was empty.

Dungeon Overview and Level Annotations

Branches:
Dungeon (2/15)

Altars:
Cheibriados
Fedhas


Innate Abilities, Weirdness & Mutations

You have large cloven feet.
When seriously injured, your bleeding wounds create armour. (AC +0)


Message History

The dart slug launches a dart at you. The slug dart hits you!
You slash the dart slug!
You kill the dart slug!
No target in view!
You see here a dart slug corpse.
You butcher the dart slug corpse.
g - 3 chunks of flesh (gained 2)
You start resting.
HP restored.
Things that are here:
a +0 dagger; a stone You see here a stone.
You see here a stone.
Some of the chunks of flesh in your inventory have rotted away.
Done exploring.
Done exploring.
Search for what [? for help]?
Okay, then.
Are you sure you want to abandon this character and quit the game? (Confirm

#.# #.# #.....รท..##.#
####.# #.# #.#########.#
#....# #.# #.# #.#
#.#### #.# #.# #.# #.#
#.# #.# #.# #.# #.# #.#
#.# #.### #.# #.# #.#
....####.###.#########.#
................@......#
.............###########
##############


There were no monsters in sight!

Vanquished Creatures
  Jessica (D:2)
  3 adders (D:2)
  A worm (D:2)
  2 dart slugs
  2 leopard geckos (D:1)
  A giant cockroach (D:2)
  6 hobgoblins
  11 jackals
  A quokka (D:2)
  3 ball pythons
  7 bats
  2 frilled lizards
  3 goblins
  11 kobolds
  4 rats
58 creatures vanquished.

Notes
Turn   | Place    | Note
-------+----------+-------------------------------------------
     0 | D:1      | galech the Demonspawn Fighter began the quest for the Orb.
     0 | D:1      | Reached XP level 1. HP: 18/18 MP: 1/1
   143 | D:1      | Gained mutation: When seriously injured, your bleeding
                  | wounds create armour. (AC +0) [demonic ancestry]
   143 | D:1      | Reached XP level 2. HP: 12/24 MP: 2/2
   471 | D:1      | Reached XP level 3. HP: 24/29 MP: 3/3
  1155 | D:2      | Gained mutation: You have large cloven feet. [demonic
                  | ancestry]
  1155 | D:2      | Reached XP level 4. HP: 35/35 MP: 4/4
  1186 | D:2      | Found a faded altar of an unknown god.
  1221 | D:2      | Became a worshipper of Fedhas Madash
  1221 | D:2      | Reached * piety under Fedhas
  1256 | D:2      | Noticed Jessica
  1260 | D:2      | Killed Jessica
  1560 | D:2      | Found a snail-covered altar of Cheibriados.
  1726 | D:2      | Quit the game

Vault maps used:
D:1:      shiori_arrival_elements, chequers_avenue, minmay_tetromino_l2
D:2:      kennysheep_slug_shrine, chequers_ecumenical_altar_grove, uniq_jessica

Skill      XL: |  1  2 |
---------------+-------+-----
Axes           | 2 |  2.8
Armour         | 3 |  3.1
Shields        | 3 |  3.5
Fighting       | |  3.6
Dodging        | |  0.6

Action                   |  1- 3 |  4- 6 || total
-------------------------+-------+-------++-------
Melee: War axe           |   159 |    41 ||   200
  Eat: Chunk             |     1 |     2 ||     3
Armor: Scale mail        |   146 |    22 ||   168
Dodge: Dodged            |    81 |    11 ||    92
Block: Shield            |   121 |    30 ||   151

Table legend:
 A = Non-vault XP
 B = Vault XP
 C = Vault XP percentage of total XP
 D = Non-vault monster count
 E = Vault monster count
 F = Vault count percentage of total count
                 A         B        C        D         E       F
            +---------+---------+-------+---------+---------+-------
      Total |     127 |      45 |  26.2 |      54 |       4 |   6.9
            +---------+---------+-------+---------+---------+-------
        D:1 |      46 |       4 |   8.0 |      27 |       2 |   6.9
        D:2 |      81 |      41 |  33.6 |      27 |       2 |   6.9
            +---------+---------+-------+---------+---------+-------
